General information
- name: BNet
- type: Ladder team game (AT/RT)
- host: Battle.net
- saver: MsY]DOGANDHORSE
map: Dragonblight
- players: 6
- length: 50:14
- speed: Fast
- version: 1.26 W3XP
- replay type:

» download(414 KB)
Players
team 1 (loser)
Fozq (
red | 164 APM | 8235 actions | 50:11)
5 Death Knight
3 Death Coil
2 Unholy Aura
4 Lich
2 Frost Nova
2 Frost Armor
» actions
| Assign group hotkey | 91 | |
| Basic commands | 32 | |
| Build / train | 78 | |
| ESC pressed | 1 | |
| Enter build submenu | 18 | |
| Enter hero's abilities submenu | 9 | |
| Right click | 2387 | |
| Select / deselect | 1275 | |
| Select group hotkey | 4262 | |
| Use ability | 82 | |
8235 total
» units
| Acolyte | 6 | |
| Ghoul | 4 | |
| Crypt Fiend | 13 | |
| Frost Wyrm | 11 | |
| Blue Dragon | 6 | |
40 total
» upgrades
| Creature Attack | 3 | |
| Web | 1 | |
| Freezing Breath | 1 | |
| Creature Carapace | 3 | |
| Burrow | 1 | |
9 total
» buildings
| Graveyard | 1 | |
| Crypt | 1 | |
| Ziggurat | 10 | |
| Altar of Darkness | 1 | |
| Tomb of Relics | 1 | |
| Halls of the Dead | 2 | |
| Nerubian Tower | 4 | |
| Black Citadel | 2 | |
| Sacrificial Pit | 1 | |
| Boneyard | 2 | |
25 total
» build order
00:10 Graveyard
00:11 Crypt
00:41 Ziggurat
00:57 Altar of Darkness
01:04 Tomb of Relics
01:58 Halls of the Dead
02:15 Nerubian Tower
02:16 Nerubian Tower
02:16 Nerubian Tower
02:53 Ziggurat
03:49 Ziggurat
03:57 Ziggurat
04:22 Black Citadel
04:22 Black Citadel
04:51 Sacrificial Pit
05:35 Ziggurat
05:50 Ziggurat
06:49 Ziggurat
06:53 Boneyard
06:55 Boneyard
09:29 Ziggurat
11:08 Ziggurat
11:09 Ziggurat
» items
| Rod of Necromancy | 2 | |
| Scroll of Healing | 2 | |
| Potion of Lesser Invulnerability | 1 | |
5 total
Temphiis (
teal | 133 APM | 6684 actions | 50:08)
4 Blademaster
2 Wind Walk
2 Critical Strike
1 Shadow Hunter
1 Hex
» actions
| Assign group hotkey | 3200 | |
| Basic commands | 6 | |
| Build / train | 132 | |
| ESC pressed | 2 | |
| Enter build submenu | 29 | |
| Enter hero's abilities submenu | 5 | |
| Give item / drop item | 4 | |
| Remove unit from queue | 1 | |
| Right click | 1787 | |
| Select / deselect | 482 | |
| Select group hotkey | 918 | |
| Use ability | 118 | |
6684 total
» units
| Peon | 56 | |
| Goblin Zeppelin | 1 | |
| Troll Batrider | 15 | |
72 total
» upgrades
| Spiked Barricades | 1 | |
| Liquid Fire | 1 | |
| Reinforced Defenses | 1 | |
| Ranged Weapons | 3 | |
| Armor | 3 | |
9 total
» buildings
| Altar of Storms | 1 | |
| Orc Burrow | 7 | |
| Voodoo Lounge | 1 | |
| War Mill | 1 | |
| Watch Tower | 6 | |
| Great Hall | 2 | |
| Stronghold | 2 | |
| Fortress | 2 | |
| Beastiary | 4 | |
26 total
» build order
00:09 Altar of Storms
00:13 Orc Burrow
00:35 Voodoo Lounge
01:34 War Mill
06:56 Watch Tower
06:57 Watch Tower
08:08 Watch Tower
09:45 Watch Tower
12:56 Great Hall
17:47 Watch Tower
18:33 Great Hall
20:54 Stronghold
20:54 Stronghold
21:57 Watch Tower
26:09 Fortress
33:23 Beastiary
33:25 Beastiary
33:41 Beastiary
33:44 Beastiary
36:13 Orc Burrow
36:15 Orc Burrow
36:23 Orc Burrow
39:57 Orc Burrow
39:59 Orc Burrow
40:23 Orc Burrow
» items
| Healing Salve | 3 | |
| Lesser Clarity Potion | 9 | |
| Staff of Teleportation | 1 | |
| Boots of Speed | 1 | |
| Scroll of Speed | 3 | |
| Potion of Lesser Invulnerability | 1 | |
| Scroll of Town Portal | 4 | |
| Potion of Mana | 1 | |
| Potion of Healing | 2 | |
| Orb of Lightning | 1 | |
26 total
yautja (
pink | 90 APM | 4541 actions | 50:13)
5 Mountain King
3 Storm Bolt
2 Bash
4 Paladin
2 Holy Light
1 Divine Shield
1 Devotion Aura
» actions
| Assign group hotkey | 693 | |
| Basic commands | 82 | |
| Build / train | 172 | |
| ESC pressed | 1 | |
| Enter build submenu | 40 | |
| Enter hero's abilities submenu | 10 | |
| Give item / drop item | 4 | |
| Remove unit from queue | 1 | |
| Right click | 1283 | |
| Select / deselect | 558 | |
| Select group hotkey | 1534 | |
| Use ability | 163 | |
4541 total
» units
| Peasant | 17 | |
| Footman | 5 | |
| Dragonhawk Rider | 20 | |
| Gryphon Rider | 33 | |
| Goblin Zeppelin | 2 | |
| Rifleman | 4 | |
| Siege Engine | 11 | |
| Flying Machine | 5 | |
97 total
» upgrades
| Swords | 3 | |
| Lumber Harvesting | 2 | |
| Armor | 3 | |
| Cloud | 1 | |
| Storm Hammers | 1 | |
| Gunpowder | 2 | |
| Long Rifles | 1 | |
| Barrage | 1 | |
| Masonry | 2 | |
| Magic Sentry | 1 | |
17 total
» buildings
| Altar of Kings | 1 | |
| Barracks | 2 | |
| Farm | 13 | |
| Scout Tower | 23 | |
| Arcane Tower | 20 | |
| Keep | 1 | |
| Blacksmith | 1 | |
| Lumber Mill | 1 | |
| Arcane Vault | 1 | |
| Gryphon Aviary | 3 | |
| Castle | 3 | |
| Workshop | 1 | |
| Arcane Sanctum | 1 | |
| Guard Tower | 3 | |
| Town Hall | 1 | |
75 total
» build order
00:09 Altar of Kings
00:25 Barracks
00:34 Farm
00:49 Farm
01:37 Scout Tower
01:54 Farm
02:57 Arcane Tower
03:45 Keep
03:49 Blacksmith
04:05 Lumber Mill
04:09 Arcane Vault
04:13 Farm
04:39 Farm
04:42 Farm
04:49 Farm
06:21 Gryphon Aviary
06:25 Gryphon Aviary
06:54 Castle
06:54 Castle
07:38 Farm
07:42 Farm
07:44 Farm
08:43 Gryphon Aviary
12:13 Farm
13:44 Farm
13:46 Farm
21:07 Barracks
25:07 Workshop
27:08 Arcane Sanctum
29:14 Scout Tower
29:16 Scout Tower
29:17 Scout Tower
29:18 Scout Tower
30:28 Scout Tower
30:29 Scout Tower
30:43 Arcane Tower
31:18 Guard Tower
31:37 Arcane Tower
31:56 Arcane Tower
32:05 Guard Tower
32:20 Guard Tower
34:37 Town Hall
35:08 Scout Tower
35:09 Scout Tower
37:36 Scout Tower
37:36 Scout Tower
37:40 Scout Tower
38:13 Scout Tower
38:14 Scout Tower
38:15 Scout Tower
38:17 Arcane Tower
38:26 Scout Tower
38:27 Scout Tower
38:33 Scout Tower
38:38 Scout Tower
38:45 Arcane Tower
39:17 Arcane Tower
39:39 Arcane Tower
40:02 Arcane Tower
40:09 Arcane Tower
40:18 Arcane Tower
40:18 Arcane Tower
40:18 Arcane Tower
40:48 Scout Tower
41:54 Arcane Tower
41:57 Arcane Tower
42:06 Scout Tower
42:07 Scout Tower
42:15 Arcane Tower
42:37 Scout Tower
42:38 Arcane Tower
43:05 Arcane Tower
43:06 Arcane Tower
44:18 Arcane Tower
» items
| Scroll of Town Portal | 1 | |
| Scroll of Regeneration | 1 | |
| Lesser Clarity Potion | 4 | |
| Potion of Healing | 2 | |
8 total
team 2 (winner)
AngryAtTyler (
green | 100 APM | 5041 actions | 50:14)
5 Warden
3 Shadow Strike
2 Blink
3 Pandaren Brewmaster
2 Breath of Fire
1 Drunken Haze
» actions
| Assign group hotkey | 21 | |
| Basic commands | 44 | |
| Build / train | 76 | |
| ESC pressed | 5 | |
| Enter build submenu | 15 | |
| Enter hero's abilities submenu | 8 | |
| Give item / drop item | 2 | |
| Right click | 3053 | |
| Select / deselect | 299 | |
| Select group hotkey | 1301 | |
| Use ability | 215 | |
5041 total
» units
» upgrades
| Well Spring | 1 | |
| Ultravision | 1 | |
| Nature's Blessing | 1 | |
3 total
» buildings
| Altar of Elders | 1 | |
| Moon Well | 9 | |
| Tree of Ages | 1 | |
| Tree of Eternity | 2 | |
| Hunter's Hall | 1 | |
| Ancient of Wonders | 1 | |
| Tree of Life | 3 | |
18 total
» build order
00:32 Altar of Elders
00:34 Moon Well
01:30 Moon Well
03:10 Moon Well
03:15 Moon Well
05:08 Tree of Ages
06:48 Moon Well
06:48 Moon Well
07:29 Tree of Eternity
07:30 Tree of Eternity
08:43 Hunter's Hall
08:46 Ancient of Wonders
09:58 Moon Well
10:22 Tree of Life
17:16 Tree of Life
26:49 Moon Well
26:49 Moon Well
28:55 Tree of Life
» items
| Staff of Teleportation | 2 | |
| Boots of Speed | 2 | |
| Orb of Venom | 1 | |
| Staff of Sanctuary | 2 | |
| Orb of Lightning | 1 | |
| Scroll of Town Portal | 2 | |
10 total
Birdeneering (
purple | 99 APM | 4979 actions | 50:14)
4 Archmage
2 Blizzard
2 Brilliance Aura
4 Blood Mage
2 Flame Strike
2 Siphon Mana
3 Mountain King
2 Storm Bolt
1 Bash
» actions
| Assign group hotkey | 375 | |
| Basic commands | 18 | |
| Build / train | 147 | |
| Enter build submenu | 120 | |
| Enter hero's abilities submenu | 11 | |
| Give item / drop item | 8 | |
| Remove unit from queue | 2 | |
| Right click | 2192 | |
| Select / deselect | 423 | |
| Select group hotkey | 1316 | |
| Use ability | 367 | |
4979 total
» units
» upgrades
| Masonry | 3 | |
| Lumber Harvesting | 2 | |
| Magic Sentry | 1 | |
| Sorceress Training | 1 | |
7 total
» buildings
| Altar of Kings | 1 | |
| Lumber Mill | 1 | |
| Farm | 4 | |
| Scout Tower | 143 | |
| Arcane Tower | 11 | |
| Guard Tower | 74 | |
| Keep | 2 | |
| Arcane Vault | 4 | |
| Arcane Sanctum | 1 | |
| Castle | 1 | |
| Town Hall | 1 | |
243 total
» build order
00:03 Altar of Kings
00:18 Lumber Mill
00:33 Farm
00:56 Farm
01:15 Scout Tower
01:35 Farm
01:48 Arcane Tower
01:48 Arcane Tower
01:51 Scout Tower
01:55 Scout Tower
02:17 Guard Tower
02:18 Scout Tower
02:22 Guard Tower
02:23 Scout Tower
02:45 Guard Tower
02:46 Scout Tower
02:49 Arcane Tower
02:50 Arcane Tower
02:51 Scout Tower
03:17 Scout Tower
03:18 Guard Tower
03:50 Guard Tower
03:57 Scout Tower
03:59 Scout Tower
04:12 Scout Tower
04:21 Keep
04:21 Keep
04:39 Guard Tower
04:41 Guard Tower
04:43 Scout Tower
04:47 Arcane Vault
05:13 Arcane Tower
05:15 Guard Tower
05:16 Scout Tower
05:17 Scout Tower
05:17 Scout Tower
05:26 Scout Tower
05:28 Scout Tower
05:32 Arcane Vault
06:12 Farm
06:26 Guard Tower
06:35 Guard Tower
06:39 Scout Tower
06:42 Scout Tower
06:43 Scout Tower
06:46 Arcane Sanctum
06:46 Castle
06:54 Scout Tower
07:45 Arcane Tower
08:21 Guard Tower
08:25 Scout Tower
08:25 Scout Tower
08:27 Scout Tower
08:29 Scout Tower
08:30 Scout Tower
08:46 Arcane Tower
08:48 Arcane Vault
08:50 Arcane Tower
08:58 Arcane Vault
10:06 Guard Tower
10:14 Scout Tower
10:14 Scout Tower
10:50 Guard Tower
10:53 Scout Tower
10:54 Scout Tower
11:02 Scout Tower
11:03 Scout Tower
11:04 Scout Tower
11:13 Guard Tower
11:14 Scout Tower
11:16 Scout Tower
11:16 Scout Tower
11:17 Scout Tower
11:45 Guard Tower
11:51 Guard Tower
12:08 Guard Tower
12:13 Guard Tower
12:18 Scout Tower
12:18 Scout Tower
12:21 Guard Tower
12:35 Guard Tower
12:38 Guard Tower
12:41 Scout Tower
12:41 Scout Tower
13:05 Guard Tower
13:08 Scout Tower
13:09 Scout Tower
14:29 Guard Tower
14:32 Scout Tower
14:34 Scout Tower
14:35 Scout Tower
15:14 Scout Tower
15:15 Scout Tower
15:16 Scout Tower
15:18 Scout Tower
15:20 Scout Tower
15:20 Scout Tower
15:24 Guard Tower
15:27 Scout Tower
15:28 Scout Tower
15:29 Guard Tower
15:30 Scout Tower
15:55 Guard Tower
15:57 Guard Tower
16:01 Guard Tower
16:04 Scout Tower
16:06 Scout Tower
16:31 Guard Tower
16:52 Guard Tower
16:57 Scout Tower
16:58 Scout Tower
17:08 Scout Tower
17:42 Guard Tower
18:40 Scout Tower
18:41 Scout Tower
18:42 Scout Tower
18:46 Guard Tower
18:51 Scout Tower
18:52 Scout Tower
18:53 Scout Tower
18:54 Scout Tower
18:58 Guard Tower
19:00 Scout Tower
19:01 Scout Tower
19:14 Guard Tower
19:18 Scout Tower
19:19 Scout Tower
19:20 Scout Tower
19:20 Scout Tower
19:21 Scout Tower
19:22 Scout Tower
19:27 Scout Tower
19:28 Scout Tower
19:29 Scout Tower
19:30 Scout Tower
19:31 Scout Tower
19:32 Scout Tower
19:36 Guard Tower
19:41 Scout Tower
19:42 Scout Tower
19:42 Scout Tower
19:43 Scout Tower
19:43 Scout Tower
19:44 Scout Tower
19:49 Guard Tower
19:51 Guard Tower
19:56 Guard Tower
20:01 Guard Tower
20:17 Guard Tower
20:20 Town Hall
20:24 Guard Tower
20:32 Guard Tower
20:44 Scout Tower
20:44 Scout Tower
20:52 Guard Tower
21:11 Guard Tower
21:26 Guard Tower
21:27 Guard Tower
21:30 Guard Tower
21:40 Guard Tower
21:42 Scout Tower
21:43 Scout Tower
21:56 Guard Tower
21:56 Guard Tower
22:04 Guard Tower
22:33 Guard Tower
23:06 Guard Tower
23:13 Scout Tower
23:14 Scout Tower
23:14 Scout Tower
23:15 Scout Tower
23:16 Scout Tower
23:16 Scout Tower
23:26 Scout Tower
23:27 Scout Tower
23:29 Scout Tower
23:30 Scout Tower
23:30 Scout Tower
23:31 Scout Tower
23:32 Scout Tower
23:41 Guard Tower
23:43 Scout Tower
23:44 Scout Tower
23:44 Scout Tower
24:07 Scout Tower
24:07 Scout Tower
24:08 Scout Tower
24:09 Scout Tower
24:15 Scout Tower
24:16 Scout Tower
24:18 Scout Tower
24:38 Guard Tower
24:47 Guard Tower
25:05 Guard Tower
25:15 Guard Tower
25:33 Scout Tower
25:34 Guard Tower
25:38 Guard Tower
25:46 Guard Tower
25:48 Scout Tower
26:40 Guard Tower
26:43 Scout Tower
27:13 Guard Tower
27:23 Arcane Tower
27:24 Arcane Tower
27:30 Scout Tower
27:55 Scout Tower
28:18 Guard Tower
28:39 Arcane Tower
28:44 Scout Tower
29:35 Guard Tower
38:09 Scout Tower
38:11 Scout Tower
38:19 Scout Tower
38:20 Scout Tower
38:22 Scout Tower
38:23 Scout Tower
38:24 Scout Tower
38:59 Scout Tower
39:07 Scout Tower
39:08 Scout Tower
39:09 Scout Tower
39:13 Scout Tower
39:16 Scout Tower
39:17 Scout Tower
39:23 Guard Tower
39:29 Scout Tower
39:29 Scout Tower
39:32 Scout Tower
39:39 Scout Tower
39:45 Scout Tower
39:47 Guard Tower
39:54 Scout Tower
39:55 Scout Tower
39:58 Guard Tower
40:01 Guard Tower
40:08 Scout Tower
40:09 Scout Tower
40:49 Guard Tower
41:25 Guard Tower
42:00 Guard Tower
42:09 Guard Tower
» items
| Healing Salve | 1 | |
| Staff of Sanctuary | 3 | |
| Scroll of Town Portal | 3 | |
| Boots of Speed | 3 | |
| Staff of Teleportation | 3 | |
13 total
MsY]DOGANDHORSE (
orange | 96 APM | 4829 actions | 50:14)
5 Blademaster
2 Wind Walk
3 Critical Strike
» actions
| Assign group hotkey | 25 | |
| Basic commands | 12 | |
| Build / train | 91 | |
| Enter build submenu | 66 | |
| Enter hero's abilities submenu | 5 | |
| Give item / drop item | 5 | |
| Right click | 2897 | |
| Select / deselect | 517 | |
| Select group hotkey | 770 | |
| Use ability | 440 | |
4829 total
» units
» upgrades
| Ranged Weapons | 2 | |
| Reinforced Defenses | 1 | |
| Liquid Fire | 1 | |
| Armor | 1 | |
5 total
» buildings
| Orc Burrow | 4 | |
| Altar of Storms | 1 | |
| War Mill | 1 | |
| Voodoo Lounge | 2 | |
| Watch Tower | 57 | |
| Stronghold | 3 | |
| Beastiary | 4 | |
| Fortress | 1 | |
| Great Hall | 1 | |
74 total
» build order
00:18 Orc Burrow
00:27 Altar of Storms
00:35 War Mill
01:23 Voodoo Lounge
02:30 Watch Tower
02:31 Watch Tower
02:32 Watch Tower
03:07 Watch Tower
03:38 Watch Tower
03:38 Watch Tower
04:10 Orc Burrow
04:11 Stronghold
04:11 Stronghold
04:35 Watch Tower
04:48 Watch Tower
04:49 Watch Tower
05:13 Watch Tower
05:40 Watch Tower
06:10 Watch Tower
06:11 Watch Tower
06:40 Beastiary
06:55 Beastiary
07:16 Orc Burrow
07:18 Orc Burrow
07:24 Watch Tower
07:26 Watch Tower
08:28 Watch Tower
08:31 Watch Tower
09:31 Fortress
10:16 Great Hall
10:49 Watch Tower
11:05 Watch Tower
11:37 Beastiary
11:38 Beastiary
12:12 Watch Tower
12:13 Watch Tower
12:15 Watch Tower
12:58 Watch Tower
13:19 Watch Tower
13:50 Watch Tower
13:51 Watch Tower
13:53 Watch Tower
15:11 Watch Tower
15:12 Watch Tower
15:23 Watch Tower
16:01 Voodoo Lounge
16:48 Watch Tower
17:29 Watch Tower
19:40 Watch Tower
19:42 Watch Tower
19:42 Watch Tower
22:35 Watch Tower
22:36 Watch Tower
22:37 Watch Tower
22:37 Watch Tower
22:38 Watch Tower
25:03 Watch Tower
25:04 Watch Tower
25:04 Watch Tower
25:05 Watch Tower
25:05 Watch Tower
25:06 Watch Tower
30:20 Watch Tower
30:21 Watch Tower
30:23 Watch Tower
30:24 Watch Tower
34:58 Watch Tower
34:59 Watch Tower
35:00 Watch Tower
36:32 Watch Tower
36:33 Watch Tower
36:34 Watch Tower
36:36 Watch Tower
» items
| Healing Salve | 2 | |
| Lesser Clarity Potion | 6 | |
| Boots of Speed | 1 | |
| Staff of Teleportation | 2 | |
| Orb of Lightning | 1 | |
12 total
Chat log
(32:29 / All) Birdeneering: you have been kapoozled (^_^)V
(39:11 / All) MsY]DOGANDHORSE: taxes
(39:14 / All) MsY]DOGANDHORSE: the death of a nation
(39:17 / All) MsY]DOGANDHORSE: through taxes
(39:18 / All) AngryAtTyler: u liberal scum
(39:34 / All) MsY]DOGANDHORSE: like rome you too shall fall victim to beaurocratic tripwires
(41:40 / All) MsY]DOGANDHORSE: need more food for tank??
(42:11 / All) MsY]DOGANDHORSE: ok
(42:15 / All) MsY]DOGANDHORSE: now that you're doing nothing
(42:17 / All) MsY]DOGANDHORSE: can we chat?
(42:19 / All) MsY]DOGANDHORSE: where are you all from?
(42:23 / All) MsY]DOGANDHORSE: i'm from TORONTO, CANADA
(42:50 / All) MsY]DOGANDHORSE: english???
(44:41 / All) MsY]DOGANDHORSE: Chop
(45:19 / All) AngryAtTyler: wahooooooo
(46:30 / All) MsY]DOGANDHORSE: fin?
(46:32 / All) MsY]DOGANDHORSE: est?
(46:33 / All) MsY]DOGANDHORSE: rus?
(46:37 / All) AngryAtTyler: lith??
(46:39 / All) Temphiis: moon..
(46:40 / All) AngryAtTyler: bel???
(46:51 / All) MsY]DOGANDHORSE: u complimenting my elf friends game? hes not really that good
(47:00 / All) MsY]DOGANDHORSE: jk, chris, youre, the, best
(50:12 / All) Birdeneering: bg noobs